 Dungeon Crawl Stone Soup version 0.27-a0-423-gf312af23e9 (webtiles) character file.

Game seed: 3466672712769184411

72 porpoise the Skirmisher (level 4, -5/49 HPs)
             Began as an Ogre Warper on Feb 26, 2021.
             Slain by a gnoll
             ... wielding a +0 spear
              (8 damage)
             ... on level 2 of the Dungeon.
             The game lasted 00:06:00 (2252 turns).

porpoise the Skirmisher (Ogre Warper)               Turns: 2252, Time: 00:06:01

Health: -5/49      AC:  3    Str: 15    XL:     4   Next: 25%
Magic:  7/7        EV: 10    Int: 21    God:
Gold:   50         SH:  0    Dex:  8    Spells: 2/7 levels left

rFire    . . .     SeeInvis .   a - +0 spear
rCold    . . .     Faith    .   (no shield)
rNeg     . . .     Spirit   .   b - +0 robe
rPois    .         Reflect  .   (helmet restricted)
rElec    .         Harm     .   (no cloak)
rCorr    .         Rampage  .   (gloves unavailable)
Will     .....                  (boots unavailable)
Stlth    +.........             (no amulet)
HPRegen  0.16/turn              n - +6 ring of intelligence
MPRegen  0.10/turn              (no ring)

@: no status effects
A: large, unfitting armour, tough skin 1
a: no special abilities


You were on level 2 of the Dungeon.
You visited 1 branch of the dungeon, and saw 2 of its levels.

You collected 50 gold pieces.

Inventory:

Hand Weapons
 a - a +0 spear (weapon)
Missiles
 e - 5 boomerangs of dispersal (quivered)
 f - 38 stones
 k - 8 curare-tipped darts
 p - 12 sling bullets
Armour
 b - a +0 robe (worn)
Jewellery
 n - a +6 ring of intelligence (left hand)
Scrolls
 d - a scroll of blinking
 g - a scroll of identify {unknown}
 h - a scroll of teleportation {unknown}
 i - a scroll of amnesia {unknown}
 j - a scroll of magic mapping {unknown}
 m - a scroll of enchant armour {unknown}
 o - a scroll of enchant weapon {unknown}
Potions
 c - 2 potions of curing {unknown}
 l - 2 potions of cancellation {unknown}


   Skills:
 + Level 4.5 Fighting
 - Level 2.0 Polearms
 - Level 1.0 Throwing
 - Level 2.1 Dodging
 - Level 2.4 Spellcasting
 + Level 3.7 Translocations


You had 2 spell levels left.
You knew the following spells:

 Your Spells              Type           Power        Failure   Level
b - Blink                 Tloc           N/A          4%          2
c - Lesser Beckoning      Tloc           9%           10%         3

Your spell library contained the following spells:

 Spells                   Type           Power        Failure   Level
 Gell's Gravitas          Tloc           9%           10%         3
 Teleport Other           Tloc           18%          10%         3
 Manifold Assault         Tloc           18%          30%         4


Dungeon Overview and Level Annotations

Branches:
Dungeon (2/15)

Altars:


Innate Abilities, Weirdness & Mutations

You are too large for most types of armour.
You have tough skin. (AC +1)


Message History

You struggle against the net.
You tear a large gash into the net.
You shred the net and break free! The gnoll hits you with a +0 spear!
You hit the gnoll.
The gnoll is lightly wounded.
The gnoll barely misses you.
You barely miss the gnoll.
The gnoll is lightly wounded.
The gnoll hits you with a +0 spear.
You hit the gnoll.
The gnoll is moderately wounded.
The gnoll barely misses you.
You barely miss the gnoll.
The gnoll is moderately wounded.
The gnoll misses you.
You hit the gnoll but do no damage.
The gnoll is moderately wounded.
The gnoll hits you with a +0 spear!
You hit the gnoll.
The gnoll is heavily wounded.
The gnoll hits you with a +0 spear.
You hit the gnoll.
The gnoll is heavily wounded.
The gnoll hits you with a +0 spear!
You hit the gnoll but do no damage.
The gnoll is heavily wounded.
The gnoll hits you with a +0 spear!
* * * LOW HITPOINT WARNING * * *
You hit the gnoll but do no damage.
The gnoll is heavily wounded.
The gnoll hits you with a +0 spear.
* * * LOW HITPOINT WARNING * * *
You closely miss the gnoll.
The gnoll is heavily wounded.
The gnoll barely misses you.
You barely miss the gnoll.
The gnoll is heavily wounded.
The gnoll hits you with a +0 spear!
You die...

..#.................#
..#..####.#..#.##..##
..........#..#.##..##
..##.###..#..#
##...## ..# .#
#..#.##.##.# ......
...........# ..##'#
#..#.##.##.# .#. .#
#..#.##.##.#.. .... #
#....g@........ ....
#..####.#####.# #.# .
..# . ### . . #


You could see a gnoll.

Vanquished Creatures
  An adder (D:2)
  2 oozes
  A dart slug (D:1)
  2 worms (D:2)
  2 leopard geckos (D:1)
  4 bats
  A giant cockroach (D:1)
  3 goblins
  12 hobgoblins
  9 kobolds
  A quokka (D:2)
  2 frilled lizards
  2 rats (D:1)
42 creatures vanquished.

Notes
Turn   | Place    | Note
-------+----------+-------------------------------------------
     0 | D:1      | porpoise the Ogre Warper began the quest for the Orb.
     0 | D:1      | Reached XP level 1. HP: 22/22 MP: 3/3
    56 | D:1      | Reached skill level 3 in Fighting
   103 | D:1      | Reached XP level 2. HP: 25/31 MP: 5/5
   234 | D:1      | Learned a level 2 spell: Blink
   414 | D:1      | Reached XP level 3. HP: 32/39 MP: 6/6
   694 | D:1      | Reached skill level 4 in Fighting
  1414 | D:2      | Learned a level 3 spell: Lesser Beckoning
  1744 | D:2      | Reached XP level 4. HP: 49/49 MP: 7/7
  2252 | D:2      | Slain by a gnoll

Illustrated notes

Levels and vault maps discovered:
D:1:      nicolae_arrival_somewhat_less_tricky_arrival, layout_loops_ring,
          minmay_nonomino_d4
D:2:      layout_basic, trog_book

Skill      XL: |  1  2  3 |
---------------+----------+-----
Fighting       | 3 4 |  4.5
Translocations | 3 |  3.7
Polearms       | |  2.0
Throwing       | |  1.0
Dodging        | |  2.1
Spellcasting   | |  2.4

Action                   |  1- 3 |  4- 6 || total
-------------------------+-------+-------++-------
Melee: Spear             |   145 |    50 ||   195
Armor: Robe              |    28 |     9 ||    37
Dodge: Dodged            |    46 |    18 ||    64

Table legend: (Time is in decaauts)
 A = Elapsed time spent in this place.
 B = Non-inter-level travel time spent in this place.
 C = Inter-level travel time spent in this place.
 D = Time resting spent in this place.
 E = Time spent auto-exploring this place.
 F = Levels seen in this place.
 G = Mean time per level.
                   A        B        C        D        E       F      G
               +--------+--------+--------+--------+--------+-----+--------+
         Total |   2252 |   2233 |     19 |    889 |    988 |   2 | 1126.0 |
       Dungeon |   2252 |   2233 |     19 |    889 |    988 |   2 | 1126.0 |
               +--------+--------+--------+--------+--------+-----+--------+

Top non-repeatable levels by time:
     D:1: 1315 daAuts
     D:2: 936 daAuts
